 Dungeon Crawl Stone Soup version 0.24.0-13-gcf9b319 (webtiles) character file.

Game seed: 5816361188132934226, levelgen mode: deterministic

307 Arctor the Conjurer (level 6, -4/33 HPs)
             Began as a Gargoyle Wizard on Apr 18, 2020.
             Killed from afar by an orc wizard (7 damage)
             ... with a magic dart
             ... on level 4 of the Dungeon.
             The game lasted 00:06:11 (3383 turns).

Arctor the Conjurer (Gargoyle Wizard)               Turns: 3383, Time: 00:06:12

Health: -4/33      AC:  9    Str: 10    XL:     6   Next: 40%
Magic:  3/10       EV: 27    Int: 21    God:
Gold:   205        SH:  0    Dex:  8    Spells: 2/11 levels left

rFire    . . .     SeeInvis .   q - +0 quarterstaff (speed)
rCold    . . .     Gourm    .   (shield currently unavailable)
rNeg     + . .     Faith    .   a - +0 robe
rPois    ∞         Spirit   .   s - +1 helmet
rElec    +         Reflect  .   p - +0 cloak
rCorr    .         Harm     .   (no gloves)
MR       .....                  (no boots)
Stlth    ++........             j - amulet of the acrobat
HPRegen  0.11/turn              (no ring)
MPRegen  0.12/turn              (no ring)

@: acrobat, very slightly contaminated, slowed, very slow
A: negative energy resistance 1, electricity resistance, unbreathing,
petrification resistance, rot immunity, AC +4
a: no special abilities


You were on level 4 of the Dungeon.
You were hungry.

You visited 1 branch of the dungeon, and saw 4 of its levels.

You collected 205 gold pieces.

Inventory:

Hand Weapons
 c - a +0 flail
 q - a +0 quarterstaff of speed (weapon)
 u - a +2 short sword of speed
Armour
 a - a +0 robe (worn)
 b - a +0 hat
 p - a +0 cloak (worn)
 s - a +1 helmet (worn)
Jewellery
 g - an uncursed amulet of rage
 j - an amulet of the acrobat (around neck)
Scrolls
 f - 3 scrolls of remove curse {unknown}
 h - 4 scrolls of identify {unknown}
 i - a scroll of amnesia {unknown}
 k - 5 scrolls of teleportation {unknown}
 l - 3 scrolls of immolation {unknown}
 m - 2 scrolls of blinking {unknown}
 n - a scroll of random uselessness {unknown}
Potions
 e - 3 potions of curing
 o - a potion of cancellation
Comestibles
 d - 6 rations


   Skills:
 + Level 0.7 Fighting
 + Level 0.4 Short Blades
 + Level 0.5 Armour
 + Level 1.7 Dodging
 - Level 2.1 Stealth
 + Level 3.0 Spellcasting
 * Level 6.4 Conjurations
   Level 0.8 Summonings
 - Level 0.8 Translocations


You had 2 spell levels left.
You knew the following spells:

 Your Spells              Type           Power        Failure   Level  Hunger
a - Magic Dart            Conj           ####         1%          1    None
b - Conjure Flame         Conj/Fire      ###.....     11%         3    ###....
c - Mephitic Cloud        Conj/Pois/Air  ##......     16%         3    ###....
d - Blink                 Tloc           N/A          14%         2    ##.....

Your spell library contained the following spells:

 Spells                   Type           Power        Failure   Level  Hunger
 Call Imp                 Summ           #.......     14%         2    ##.....
 Slow                     Hex            #.......     21%         2    ##.....


Dungeon Overview and Level Annotations

Branches:
Dungeon (4/15)
 Temple: D:4-7

Altars:
Gozag
Wu Jian


Innate Abilities, Weirdness & Mutations

You are resistant to torment.
Your stone body is resilient. (AC +4)
You are immune to poison.
You resist negative energy. (rN+)
You are resistant to electric shocks. (rElec)
You can survive without breathing.
You are immune to petrification.
You are immune to rotting.


Message History

The orc wizard casts a spell at you. The puff of flame hits you.
The orc hits you with a +0 flail!
* * * LOW HITPOINT WARNING * * *
You're too confused to move!
The orc wizard mumbles some strange words.
The orc wizard flickers and vanishes!
Deactivating autopickup; reactivate with Ctrl-A.
The orc closely misses you. Something barely misses you.
You feel less confused.
A leopard gecko comes into view.
Things that are here:
a +1 dagger of draining; a +0 robe Something hits you but does no damage.
You hear some strange, mumbled words.
Something tries to affect you, but you resist.
The orc closely misses you.
You hear some strange, mumbled words.
A magic dart appears from out of thin air!
The magic dart hits you!
You die...

.#...)[l)..........#
#.........#).....##
#######...#<#...###
##...).#.#.....
#.....)..#.....
#...##s#........
#....#..........
###....#.o##......
#......@.## ..##..
##.......# ...# .
###....... ....
#...##..# #... ##..
.## ... .. ##.. ..(
##. #..


You could see a scorpion and an orc.

Vanquished Creatures
  An orc priest (D:3)
  3 orc wizards
  A hound (D:3)
  A gnoll (D:1)
  6 adders
  A howler monkey skeleton (D:4)
  3 dart slugs
  12 orcs
  A ball python (D:2)
  5 bats
  5 giant cockroaches
  8 goblins
  8 hobgoblins
  5 jackals
  3 quokkas
  3 frilled lizards
  12 kobolds
  A quokka skeleton (D:4)
  9 rats
88 creatures vanquished.

Notes
Turn   | Place    | Note
-------+----------+-------------------------------------------
     0 | D:1      | Arctor the Gargoyle Wizard began the quest for the Orb.
     0 | D:1      | Reached XP level 1. HP: 10/10 MP: 4/4
   251 | D:1      | Reached skill level 2 in Conjurations
   281 | D:1      | Reached XP level 2. HP: 15/15 MP: 3/6
   326 | D:1      | Reached skill level 3 in Conjurations
   674 | D:1      | Reached XP level 3. HP: 18/19 MP: 2/7
   688 | D:1      | Learned a level 3 spell: Conjure Flame
   692 | D:1      | Learned a level 3 spell: Mephitic Cloud
  1184 | D:2      | Reached skill level 4 in Conjurations
  1404 | D:2      | Reached XP level 4. HP: 24/24 MP: 3/8
  2075 | D:3      | Reached skill level 5 in Conjurations
  2100 | D:3      | Reached XP level 5. HP: 21/28 MP: 2/9
  2189 | D:3      | Found an ornate altar of the Wu Jian Council.
  2492 | D:3      | Found an opulent altar of Gozag.
  2753 | D:3      | Reached skill level 6 in Conjurations
  2934 | D:4      | Learned a level 2 spell: Blink
  2987 | D:3      | Reached XP level 6. HP: 12/32 MP: 0/10
  3383 | D:4      | Killed from afar by an orc wizard

Levels and vault maps discovered:
D:1:      minmay_arrival_plants_in_alcoves, layout_rooms,
          kennysheep_pointless_box, serial_bayou_pond_c
D:2:      minmay_wonky_spiral, layout_basic
D:3:      layout_loops_cross, overflow_temple_1_default,
          nicolae_gozag_seed_capital, minmay_misc_feat_iff
D:4:      cheibrodos_pilgrimage, layout_cave_pools, first_ration,
          minmay_misc_feat_nine_boxes, uniq_blork_the_orc,
          uniq_crazy_yiuf_cottage, uniq_edmund, uniq_sigmund, uniq_pikel

Skill      XL: |  1  2  3  4  5 |
---------------+----------------+-----
Conjurations   | 2 3 4 5 6 |  6.4
Fighting       | |  0.7
Short Blades   | |  0.4
Armour         | |  0.5
Dodging        | |  1.7
Stealth        | |  2.1
Spellcasting   | |  3.0
Summonings     | |  0.8
Translocations | |  0.8

Action                   |  1- 3 |  4- 6 || total
-------------------------+-------+-------++-------
Melee: Unarmed           |    25 |       ||    25
       Flail             |    16 |     5 ||    21
       Quarterstaff      |       |   145 ||   145
       Short sword       |       |    30 ||    30
 Cast: Magic Dart        |    63 |    25 ||    88
       Mephitic Cloud    |       |     8 ||     8
  Use: Potion            |     4 |     2 ||     6
 Stab: Sleeping          |       |     1 ||     1
       Confused          |       |     2 ||     2
  Eat: Chunk             |       |     8 ||     8
Armor: Robe              |    17 |    81 ||    98
       Skin              |     3 |       ||     3
Dodge: Dodged            |    40 |   170 ||   210
